 Dungeon Crawl Stone Soup version 0.31-a0-167-g1c394c0614 (webtiles) character file.

Game seed: 16185706100107375309

28 qw the Shooter (level 3, -2/32 HPs)
             Began as a Naga Hunter on June 14, 2023.
             Slain by a gnoll
             ... wielding a +0 halberd
              (10 damage)
             ... on level 2 of the Dungeon.
             The game lasted 00:00:16 (746 turns).

qw the Shooter (Naga Hunter)                         Turns: 746, Time: 00:00:16

Health: -2/32      AC:  4    Str: 13    XL:     3   Next: 14%
Magic:  3/3        EV:  9    Int:  9    God:
Gold:   62         SH:  0    Dex: 16    Spells: 2/2 levels left

rFire   . . .        Y - +0 shortbow
rCold   . . .        (shield currently unavailable)
rNeg    + . .        c - +0 leather armour
rPois   +            (no helmet)
rElec   .            f - +1 cloak
rCorr   .            (no gloves)
SInv    +            (no barding)
Will    .....        (no amulet)
Stlth   ++           d - ring of positive energy
HPRegen 0.25/turn    (no ring)
MPRegen 0.08/turn

%: no passive effects
@: weak-willed, very slow
A: AC +1, large, see invisible, deformed body, poison resistance, slowness 2,
spit poison 1, naga tail 1
a: Spit Poison


You were on level 2 of the Dungeon.
You visited 1 branch of the dungeon, and saw 2 of its levels.

You collected 62 gold pieces.


Innate Abilities, Weirdness & Mutations

Your serpentine skin is tough. (AC +1)
You have supernaturally acute eyesight. (SInv)
Armour fits poorly on your strangely shaped body.
Your system is resistant to poisons. (rPois)
You cover ground very slowly.
You can spit poison.
You have a snake-like lower body.


   Skills:
 - Level 2.0 Fighting
 + Level 4.5 Ranged Weapons
 - Level 1.5 Dodging
 - Level 1.5 Stealth


You had 2 spell levels left.
You didn't know any spells.
Your spell library was empty.

Inventory:

Hand Weapons
 Y - a +0 shortbow (weapon)
Armour
 c - a +0 leather armour (worn)
 f - a +1 cloak (worn)
Jewellery
 d - a ring of positive energy (left hand)
Scrolls
 b - a scroll of teleportation {unknown}
 g - a scroll of enchant armour {unknown}
Potions
 e - a potion of enlightenment {unknown}
 h - a potion of curing {unknown}
 i - a potion of attraction {unknown}
 j - 2 potions of mutation {unknown}

Dungeon Overview and Level Annotations

Branches:
Dungeon (2/15)

Altars:

Annotations:
D:2 exclusion: 3 gnolls


Message History

You shoot an arrow.
The arrow barely misses the ball python.
735 ||| INVOKING Spit Poison.
Aiming: Spit Poison (2% risk of failure)
Press: ? - help, Shift-Dir - straight line, f/p - ball python The splash of poison misses the ball python.
A gnoll comes into view. It is wielding a +0 halberd.
You shoot an arrow. The gnoll shouts!
The arrow hits the ball python.
You kill the ball python!
You shoot an arrow. The arrow hits the gnoll!
The gnoll is heavily wounded.
You shoot an arrow. The arrow hits the gnoll.
The gnoll is severely wounded.
You shoot an arrow.
The arrow hits the gnoll but does no damage.
The gnoll is severely wounded.
You have got your breath back.
A gnoll comes into view. It is wielding a +0 halberd.
740 ||| Stepping ~*~*~tactically~*~*~ (outnumbered).
741 ||| INVOKING Spit Poison.
Aiming: Spit Poison (2% risk of failure)
Press: ? - help, Shift-Dir - straight line, f/p - gnoll The splash of poison misses the gnoll.
You shoot an arrow. The arrow barely misses the gnoll.
The gnoll hits you from afar with a +0 halberd!
Ouch! That really hurt!
Enter note:
743 ||| READING scroll labelled ABLE FENUGESA.
As you read the scroll labelled ABLE FENUGESA, it crumbles to dust.
Magic quickly surges around you.
It was a scroll of vulnerability.
The gnoll misses you.
Enter note: The gnoll hits you from afar with a +0 halberd!
Enter note:
Enter note: You have got your breath back.
The gnoll hits you from afar with a +0 halberd!
You die...

................>#.#
####.............#.#
#.......##.##.#.#
#.......##....#.#
############..#.#
######....#
#<......###
#######.###
###########@..#
.......#.g..#.#
.%.....'.####.#
.......### .#
....... .# ......%
.# ....... .#
....... .# .%...%g


You could see a gnoll (weak-willed).

Vanquished Creatures
  A worm (D:2)
  4 ball pythons
  2 endoplasms (D:1)
  A giant cockroach (D:1)
  3 hobgoblins
  2 quokkas
  4 bats
  2 frilled lizards (D:1)
  2 goblins
  3 rats
24 creatures vanquished.

Notes
Turn   | Place    | Note
-------+----------+-------------------------------------------
     0 | D:1      | qw the Naga Hunter began the quest for the Orb.
     0 | D:1      | Reached XP level 1. HP: 19/19 MP: 1/1
     0 | D:1      | 0 ||| qw: Version: 0.2-a-29-g1fa15c8
     0 | D:1      | 0 ||| qw: Game counter: 4928
     0 | D:1      | 0 ||| qw: Always use a shield: true
     0 | D:1      | 0 ||| qw: God list: Okawaru
     0 | D:1      | 0 ||| qw: Allow faded altars: false
     0 | D:1      | 0 ||| qw: Do Orc after D:15 true
     0 | D:1      | 0 ||| qw: Do second Lair branch before Depths: true
     0 | D:1      | 0 ||| qw: Lair rune preference: random
     0 | D:1      | 0 ||| qw: Plans: Normal
     0 | D:1      | 0 ||| PLANNING D:1-11
    21 | D:1      | 21 ||| INVOKING Spit Poison.
    39 | D:1      | Found a faded altar of an unknown god.
   101 | D:1      | 101 ||| INVOKING Spit Poison.
   214 | D:1      | 214 ||| INVOKING Spit Poison.
   223 | D:1      | 223 ||| INVOKING Spit Poison.
   258 | D:1      | 258 ||| INVOKING Spit Poison.
   263 | D:1      | Reached skill level 4 in Ranged Weapons
   263 | D:1      | Reached XP level 2. HP: 22/26 MP: 2/2
   263 | D:1      | 263 ||| INVOKING Spit Poison.
   351 | D:1      | 351 ||| INVOKING Spit Poison.
   377 | D:1      | 377 ||| INVOKING Spit Poison.
   458 | D:1      | 458 ||| INVOKING Spit Poison.
   602 | D:1      | 602 ||| UPGRADING to +1 cloak.
   607 | D:1      | 607 ||| UPGRADING to ring of positive energy.
   608 | D:1      | 608 ||| READING scroll labelled IZELAS KUJO.
   609 | D:1      | 609 ||| READING scroll labelled IBIUCK HEKLIL.
   610 | D:1      | 610 ||| DROPPING scroll of butterflies.
   634 | D:2      | 634 ||| INVOKING Spit Poison.
   657 | D:2      | 657 ||| INVOKING Spit Poison.
   663 | D:2      | 663 ||| INVOKING Spit Poison.
   672 | D:2      | 672 ||| INVOKING Spit Poison.
   712 | D:2      | 712 ||| INVOKING Spit Poison.
   716 | D:2      | 716 ||| INVOKING Spit Poison.
   732 | D:2      | Reached XP level 3. HP: 32/32 MP: 3/3
   735 | D:2      | 735 ||| INVOKING Spit Poison.
   740 | D:2      | 740 ||| Stepping ~*~*~tactically~*~*~ (outnumbered).
   741 | D:2      | 741 ||| INVOKING Spit Poison.
   743 | D:2      | 743 ||| READING scroll labelled ABLE FENUGESA.
   744 | D:2      | HP: 7/32 [gnoll/+0 halberd (10)]
   746 | D:2      | Slain by a gnoll

Levels and vault maps discovered:
D:1:      minmay_arrival_hallway, layout_loops_cross, basic_ecumenical_altar
D:2:      cheibrodos_greedy_goblins, layout_basic

Skill      XL: |  1 |
---------------+----+-----
Ranged Weapons | 4 |  4.5
Fighting       | |  2.0
Dodging        | |  1.5
Stealth        | |  1.5

Action                     || total
---------------------------++-------
   Fire: Shortbow          ||    31
Ability: Spit Poison       ||    17
    Use: Scroll            ||     3
 Armour: Leather armour    ||     3
  Dodge: Dodged            ||     3

Table legend:
 A = Non-vault XP
 B = Vault XP
 C = Vault XP percentage of total XP
 D = Non-vault monster count
 E = Vault monster count
 F = Vault count percentage of total count
                 A         B        C        D         E       F
            +---------+---------+-------+---------+---------+-------
      Total |      41 |       0 |   0.0 |      24 |       0 |   0.0
            +---------+---------+-------+---------+---------+-------
        D:1 |      22 |       0 |   0.0 |      15 |       0 |   0.0
        D:2 |      19 |       0 |   0.0 |       9 |       0 |   0.0
            +---------+---------+-------+---------+---------+-------
